 Dungeon Crawl Stone Soup version 0.28.0-61-g67df4f89a8 (webtiles) character file.

Game seed: 14336395469418390331

5187 AarnesTheHuman the Cleaver (level 10, 0/93 HPs)
             Began as a Hill Orc Fighter on Feb 13, 2023.
             Was an Elder of Okawaru.
             Slain by a death yak (4 damage)
             ... in the Arena.
             The game lasted 00:13:49 (8286 turns).

AarnesTheHuman the Cleaver (Hill Orc Fighter)       Turns: 8286, Time: 00:13:50

Health: 0/93       AC: 13    Str: 24    XL:     10   Next: 60%
Magic:  4/16       EV: 10    Int: 16    God:    Okawaru [****..]
Gold:   336        SH:  6    Dex: 10    Spells: 9/9 levels left

rFire   . . .      SeeInvis .   a - +1 war axe
rCold   . . .      Faith    .   c - +1 buckler
rNeg    . . .      Spirit   .   y - +4 troll leather armour of Urchig {Regen+ Int+8}
rPois   .          Reflect  .   r - +0 helmet
rElec   .          Harm     .   A - +2 cloak
rCorr   .          Rampage  .   (no gloves)
Will    .....                   (no boots)
Stlth   +.........              h - amulet of the acrobat
HPRegen 1.05/turn               (no ring)
MPRegen 0.15/turn               (no ring)

@: finesse-ful, duelling
A: no striking features
a: Renounce Religion, Heroism, Finesse


You were in the Arena.
You worshipped Okawaru.
Okawaru was greatly pleased with you.
You visited 2 branches of the dungeon, and saw 9 of its levels.
You also visited: Sewer.

You collected 406 gold pieces.
You spent 70 gold pieces at shops.

Inventory:

Hand Weapons
 a - a +1 war axe (weapon)
 b - a +0 hunting sling of flaming
 p - a +0 hunting sling
 s - a +2 short sword of freezing
 B - a +1 dagger of speed
Missiles
 g - 3 throwing nets
 i - 283 stones (quivered)
 m - 77 sling bullets
 x - 20 poisoned darts
Armour
 c - a +1 buckler (worn)
 k - a +2 robe of resistance
 r - a +0 helmet (worn)
 t - a +0 scale mail
 y - the +4 troll leather armour of Urchig (worn) {Regen+ Int+8}
   (You found it on level 3 of the Dungeon)

   Int:       It affects your intelligence (+8).
   Regen:     It increases your rate of health regeneration.
 A - a +2 cloak (worn)
Jewellery
 h - an amulet of the acrobat (around neck)
 o - an amulet of guardian spirit
Wands
 n - a wand of iceblast (13)
 z - a wand of polymorph (20)
Scrolls
 q - 2 scrolls of teleportation
 v - a scroll of identify
 E - 3 scrolls of enchant weapon
Potions
 d - a potion of might
 e - 2 potions of haste
 f - 2 potions of curing
 j - a potion of heal wounds
 l - a potion of berserk rage
 u - a potion of ambrosia
 w - 3 potions of brilliance
 C - a potion of cancellation
 D - a potion of flight


   Skills:
 + Level 10.0 Fighting
 + Level 11.0 Axes
 + Level 6.0 Slings
 - Level 5.0 Armour
 - Level 5.0 Shields
 + Level 8.1 Invocations


You had 9 spell levels left.
You didn't know any spells.
Your spell library contained the following spells:

 Spells                   Type           Power      Damage    Failure   Level
 Apportation              Tloc           0%         N/A       36%         1
 Pain                     Necr           0%         1d4       36%         1
 Vampiric Draining        Necr           0%         2d6       73%         3
 Passage of Golubria      Tloc           0%         N/A       98%         4
 Alistair's Intoxication  Tmut/Pois      0%         N/A       100%        5
 Yara's Violent Unravell  Hex/Tmut       0%         3d3       100%        5
 Animate Skeleton         Necr           Unusable   N/A       N/A         1
 Tukima's Dance           Hex            Unusable   N/A       N/A         3

Dungeon Overview and Level Annotations

Branches:
Dungeon (8/15)             Temple (1/1) D:4           Sewer (visited)
   Lair: D:8-11

Altars:
Ashenzari
Cheibriados
Dithmenos
Elyvilon
Fedhas
Gozag
Hepliaklqana
Kikubaaqudgha
Makhleb
Nemelex Xobeh
Okawaru
Qazlal
Ru
Sif Muna
Trog
Uskayaw
Vehumet
Wu Jian
Xom
Yredelemnul
Zin
The Shining One

Shops:
D:2 ?

Annotations:
D:6 1 runed translucent door, exclusion: door, daba11's ghost, novice MiFi


Message History

The death yak barely misses you.
You slash the death yak!
The death yak is severely wounded.
The death yak gores you!
* * * LOW HITPOINT WARNING * * *
You barely miss the death yak.
The death yak is severely wounded.
The death yak gores you!
* * * LOW HITPOINT WARNING * * *
Okay, then.
Unknown command.
Okay, then.
Okay, then.
Aiming: Duel (32% risk of failure)
Press: ? - help, Dir - move target, f - death yak
Aim: a death yak (severely wounded)
You enter into single combat with the death yak!
The world spins around you as you enter the gateway.
You enter Okawaru's Arena!
You can no longer enter into single combat with a foe.
Okawaru will no longer gift you equipment.
The spectator shouts! x9
The death yak gores you but does no damage.
Found a gate leading back out of this place.
There is an empty arch of ancient stone here.
You can now deal lightning-fast blows.
You block the death yak's attack.
You slash the death yak!
The death yak is almost dead.
You hit the death yak.
The death yak is almost dead.
The death yak gores you.
* * * LOW HITPOINT WARNING * * *
You completely miss the death yak.
The death yak is almost dead.
You hit the death yak.
The death yak is almost dead.
The death yak gores you.
You die...
Okawaru crowns the death yak victorious!

#########
##..▓∩▓..##
##.p▓▓▓▓▓p.##
##.p▓▓...▓▓p.##
#.p▓▓.....▓▓p.#
#.▓▓.......▓▓.#
#▓▓.........▓▓#
#▓....Y@.....▓#
#▓▓.........▓▓#
#.▓▓.......▓▓.#
#.p▓▓.....▓▓p.#
##.p▓▓...▓▓p.##
##.p▓▓▓▓▓..##
##...#p..##
#### ####


You could see a death yak.

Vanquished Creatures
  A two-headed ogre (D:6)
  6 slime creatures
  Grum (D:7)
  2 vampire mosquitoes (D:8)
  2 water moccasins
  Duvessa (D:6)
  Pargi (Sewer)
  An orc warrior (D:8)
  A hornet zombie (D:7)
  An ice beast (D:6)
  2 sky beasts
  A black bear (D:6)
  3 ogres
  2 centaurs (D:8)
  4 wolves (D:7)
  2 bullfrogs
  Blork the orc (D:6)
  A water moccasin zombie (D:7)
  4 killer bees (D:7)
  Dowan (D:6)
  2 howler monkeys (D:8)
  4 bullfrog zombies
  2 orc priests
  2 hounds
  A gnoll shaman (D:6)
  2 iguanas
  A scorpion zombie (D:5)
  6 orc wizards
  Robin (D:2)
  7 gnolls
  9 adders
  2 white imps (D:5)
  3 worms
  3 dart slugs
  18 orcs
  9 bats
  7 endoplasms
  9 giant cockroaches
  19 goblins
  10 hobgoblins
  12 jackals
  11 kobolds
  7 quokkas
  8 ball pythons
  5 frilled lizards
  3 rats
  A spectral hobgoblin (D:1)
202 creatures vanquished.

Notes
Turn   | Place    | Note
-------+----------+-------------------------------------------
     0 | D:1      | AarnesTheHuman the Hill Orc Fighter began the quest for the
                  | Orb.
     0 | D:1      | Reached XP level 1. HP: 19/19 MP: 1/1
   103 | D:1      | Reached XP level 2. HP: 26/27 MP: 2/2
   106 | D:1      | Reached skill level 3 in Axes
   565 | D:1      | Found a faded altar of an unknown god.
   615 | D:1      | Reached XP level 3. HP: 32/33 MP: 3/3
  1239 | D:2      | Reached XP level 4. HP: 40/40 MP: 4/4
  1960 | D:2      | Found Daomysun's Magic Scroll Shoppe.
  1973 | D:2      | Reached skill level 4 in Axes
  1980 | D:2      | Bought a scroll of identify for 28 gold pieces
  1980 | D:2      | Bought a scroll of teleportation for 42 gold pieces
  2063 | D:2      | Reached XP level 5. HP: 40/47 MP: 5/5
  2477 | D:3      | Noticed Robin
  2496 | D:2      | Killed Robin
  3745 | D:3      | Identified the +4 troll leather armour of Urchig {Regen+
                  | Int+8}
  3874 | D:4      | Reached skill level 5 in Fighting
  3926 | D:4      | Reached XP level 6. HP: 53/56 MP: 6/6
  4256 | D:4      | Found a staircase to the Ecumenical Temple.
  4269 | D:4      | Reached skill level 5 in Axes
  4271 | Temple   | Entered the Ecumenical Temple
  4477 | Temple   | Became a worshipper of Warmaster Okawaru
  4874 | D:5      | Entered Level 5 of the Dungeon
  4972 | D:5      | Reached skill level 1 in Invocations
  5049 | D:5      | Reached skill level 5 in Armour
  5049 | D:5      | Reached skill level 5 in Shields
  5049 | D:5      | Reached XP level 7. HP: 20/62 MP: 6/8
  5089 | D:5      | Found a glowing drain.
  5109 | Sewer    | Entered a sewer
  5112 | Sewer    | Noticed Pargi
  5125 | Sewer    | Killed Pargi
  5405 | D:5      | Found a radiant altar of Vehumet.
  5458 | D:5      | Reached skill level 6 in Axes
  5989 | D:6      | Reached * piety under Okawaru
  6113 | D:6      | Noticed Blork the orc
  6139 | D:6      | Killed Blork the orc
  6140 | D:6      | Reached skill level 7 in Axes
  6140 | D:6      | Reached XP level 8. HP: 69/70 MP: 11/11
  6310 | D:6      | Noticed Duvessa
  6318 | D:6      | Reached skill level 5 in Invocations
  6327 | D:6      | Killed Duvessa
  6327 | D:6      | Noticed Dowan
  6347 | D:6      | Killed Dowan
  6356 | D:6      | Reached skill level 8 in Axes
  6381 | D:6      | Reached ** piety under Okawaru
  6398 | D:6      | Reached skill level 9 in Axes
  6596 | D:6      | Found a runed translucent door.
  6598 | D:6      | Noticed daba11's ghost (novice MiFi)
  6604 | D:6      | Noticed a two-headed ogre
  6616 | D:6      | Killed a two-headed ogre
  6616 | D:6      | Reached *** piety under Okawaru
  6617 | D:6      | Reached skill level 10 in Axes
  6617 | D:6      | Reached XP level 9. HP: 50/79 MP: 10/14
  7032 | D:6      | Reached skill level 1 in Slings
  7165 | D:6      | Reached **** piety under Okawaru
  7166 | D:6      | Reached skill level 11 in Axes
  7166 | D:6      | Reached XP level 10. HP: 34/91 MP: 13/16
  7923 | D:8      | Reached skill level 10 in Fighting
  7931 | D:8      | Noticed Grum
  7965 | D:7      | Reached skill level 5 in Slings
  7996 | D:7      | Killed Grum
  8058 | D:8      | Reached ***** piety under Okawaru
  8193 | D:8      | Identified the +1 leather armour of Ponwil {rN+ Dex+2}
  8236 | D:8      | Noticed a death yak
  8239 | D:8      | Noticed a death yak
  8281 | Arena    | Entered the Arena
  8284 | Arena    | HP: 3/93 [death yak (6)]
  8286 | Arena    | Slain by a death yak

Illustrated notes

Levels and vault maps discovered:
D:1:      grunt_arrival_crossed_arrows, layout_loops_ring,
          dreamdust_ecumenical_altar_drowned_temple, serial_forest,
          infiniplex_forest_lined_4_way, infiniplex_forest_pool,
          infiniplex_forest_lined_room_2, infiniplex_forest_straight_3,
          infiniplex_forest_clump_tiny, infiniplex_forest_straight_5,
          infiniplex_forest_clump_long, infiniplex_forest_diagonal
D:2:      layout_basic, serial_shops,
          nicolae_shop_temple_entry_statues_fountains, minmay_quadrilaterals
D:3:      layout_basic, kennysheep_cross_bottleneck,
          chequers_serial_rivers_small_3, minmay_fountain_box,
          minmay_checkerbox, uniq_robin
D:4:      cheibrodos_quashed, layout_basic, minmay_temple_entry_purple_smoke
D:5:      layout_basic, kennysheep_little_box, portal_sewer_entry_f
D:6:      layout_gridville, ebering_ghost_inner_flame, glass_columns_b,
          minmay_misc_feat_iff, minivault_22, amethyst_killhole, uniq_duvessa,
          uniq_blork_the_orc
D:7:      layout_loops_ring
D:8:      layout_rooms, dpeg_lair_monsters, uniq_grum
Temple:   roderic_octagonal_lattice_temple
Arena

Skill      XL: |  1  2  3  4  5  6  7  8  9 10 |
---------------+-------------------------------+-----
Axes           | 3 4 5 7 10 11 | 11.0
Fighting       | 4 5 6 7 9 10 | 10.0
Shields        | 4 5 |  5.0
Armour         | 4 5 |  5.0
Invocations    | 1 4 7 8 |  8.1
Slings         | 3 6 |  6.0

Action                   |  1- 3 |  4- 6 |  7- 9 | 10-12 || total
-------------------------+-------+-------+-------+-------++-------
Melee: War axe           |    79 |   249 |   174 |   150 ||   652
 Fire: Hunting sling     |       |    13 |    34 |    18 ||    65
Throw: Dart              |       |       |     4 |       ||     4
Invok: Heroism           |       |       |     3 |       ||     3
       Finesse           |       |       |       |     1 ||     1
       Duel              |       |       |       |     1 ||     1
  Use: Scroll            |       |    12 |     5 |     1 ||    18
Armor: Scale mail        |    44 |    88 |       |       ||   132
       Troll leather arm |       |    42 |    85 |    82 ||   209
Dodge: Dodged            |    37 |   158 |    84 |   103 ||   382
Block: Buckler           |    23 |    61 |    41 |    46 ||   171
